 Dungeon Crawl Stone Soup version 0.23.2 (webtiles) character file.

Game seed: 6305246381160343532

84 Kinoniko the Slasher (level 4, -5/34 HPs)
             Began as a Demonspawn Gladiator on Apr 3, 2019.
             Slain by a gnoll
             ... wielding a +0 spear
              (8 damage)
             ... on level 2 of the Dungeon.
             The game lasted 00:11:03 (1833 turns).

Kinoniko the Slasher (Demonspawn Gladiator)         Turns: 1833, Time: 00:11:03

Health: -5/34      AC:  4    Str: 11 (14) XL:     4   Next: 24%
Magic:  4/4        EV: 16    Int:  6 (9)  God:
Gold:   95         SH:  0    Dex: 15 (16) Spells: 3/3 levels left

rFire    . . .     SeeInvis .   i - +2 dagger (venom)
rCold    + . .     Gourm    .   (no shield)
rNeg     . . .     Faith    .   b - +1 leather armour
rPois    .         Spirit   .   (helmet restricted)
rElec    .         Reflect  .   (no cloak)
rCorr    .         Harm     .   (no gloves)
MR       .....                  (no boots)
Stlth    +.........             (no amulet)
HPRegen  0.11/turn              g - +3 ring of evasion
MPRegen  0.09/turn              (no ring)

@: hasted, very quick
A: horns 1, cold resistance 1, rot immunity
a: no special abilities


You were on level 2 of the Dungeon.
You were not hungry.

You visited 1 branch of the dungeon, and saw 2 of its levels.

You collected 95 gold pieces.

Inventory:

Hand Weapons
 a - a +0 long sword
 i - a +2 dagger of venom (weapon)
 r - a +0 hand axe of freezing
Missiles
 d - 3 throwing nets (quivered)
Armour
 b - a +1 leather armour (worn)
 c - a +0 helmet
 k - a +0 large shield
Jewellery
 g - a +3 ring of evasion (left hand)
 q - a cursed ring of attention {unknown}
Wands
 t - a wand of digging (6)
Scrolls
 n - a scroll of identify
 p - a scroll of magic mapping {unknown}
Potions
 m - a potion of haste
 s - 2 potions of ambrosia {unknown}
Comestibles
 f - 4 rations


   Skills:
 * Level 2.4 Fighting
 * Level 1.2(2.5) Short Blades
 + Level 3.4(3.5) Long Blades
 - Level 2.0 Throwing
 + Level 1.2 Armour
 + Level 2.9 Dodging


You had 3 spell levels left.
You didn't know any spells.
Your spell library was empty.

Dungeon Overview and Level Annotations

Branches:
Dungeon (2/15)

Altars:


Innate Abilities, Weirdness & Mutations

You have a pair of small horns on your head.
Your flesh is cold resistant. (rC+)
You are immune to rotting.


Message History

You hit the gnoll. You headbutt the gnoll.
You kill the gnoll!
Your Armour skill increases to level 1!
The gnoll hits you with a +0 whip.
You see here a +0 club.
You hit the gnoll but do no damage.
The gnoll is poisoned.
The gnoll closely misses you.
You barely miss the gnoll. The gnoll closely misses you. The gnoll misses you.
You completely miss the gnoll. You barely miss the gnoll.
The gnoll hits you with a +0 whip.
* * * LOW HITPOINT WARNING * * *
The gnoll hits you but does no damage.
You hit the gnoll.
The gnoll looks as sick as possible!
The gnoll is lightly wounded.
The gnoll hits you with a +0 whip.
* * * LOW HITPOINT WARNING * * *
You hit the gnoll.
The gnoll is moderately wounded.
The gnoll hits you from afar with a +0 spear!
You die...

.........##......# .....#.......
#.........++.†....# .. .#####...
#.........##......#.. .. +...
#.........####'####.# .. #. #...
.(.......####.#....#... #.###...
.....)...#....#.#...... #......
#########......'...... #..)...
### #....#.#..... #...###
....######....#@# ..#'####.†.##.
...........^.##g###.#.#.........
.............##gg...#'#.........
##..........g...................
#.........%.g..................
###...................####'###.
$..........................###.
.......................####.....
...............................


You could see 2 gnolls and a goblin.

Vanquished Creatures
  An adder (D:2)
  2 gnolls (D:2)
  A shadow imp (D:2)
  A dart slug (D:1)
  3 leopard geckos
  A ball python (D:2)
  3 giant cockroaches
  8 goblins
  2 hobgoblins
  4 bats
  2 frilled lizards (D:1)
  6 kobolds (D:1)
  14 rats (D:1)
48 creatures vanquished.

Notes
Turn   | Place    | Note
-------+----------+-------------------------------------------
     0 | D:1      | Kinoniko the Demonspawn Gladiator began the quest for the
                  | Orb.
     0 | D:1      | Reached XP level 1. HP: 16/16 MP: 1/1
   141 | D:1      | Reached skill level 3 in Long Blades
   302 | D:1      | Gained mutation: You have a pair of small horns on your
                  | head. [demonic ancestry]
   302 | D:1      | Reached XP level 2. HP: 22/22 MP: 2/2
  1056 | D:1      | Gained mutation: Your flesh is cold resistant. (rC+)
                  | [demonic ancestry]
  1056 | D:1      | Reached XP level 3. HP: 27/27 MP: 3/3
  1789 | D:2      | Reached skill level 1 in Short Blades
  1795 | D:2      | Gained mutation: You are immune to rotting. [demonic
                  | ancestry]
  1795 | D:2      | Reached XP level 4. HP: 30/34 MP: 4/4
  1826 | D:2      | Reached skill level 1 in Armour
  1833 | D:2      | Slain by a gnoll

Skill      XL: |  1  2  3  4 |
---------------+-------------+-----
Throwing       | 2 |  2.0
Long Blades    | 3 |  3.4
Short Blades   | 1 |  1.2
Armour         | 1 |  1.2
Fighting       | |  2.4
Dodging        | |  2.9

Action                   |  1- 3 |  4- 6 || total
-------------------------+-------+-------++-------
Melee: Long sword        |    39 |       ||    39
       Dagger            |    73 |    21 ||    94
       Headbutt          |    18 |     3 ||    21
  Use: Scroll            |     8 |       ||     8
       Potion            |       |     6 ||     6
 Stab: Sleeping          |     2 |       ||     2
  Eat: Ration            |     1 |       ||     1
Armor: Leather armour    |    23 |     1 ||    24
Dodge: Dodged            |    77 |    31 ||   108
       Rpst.: Long sword |     3 |       ||     3
